[Event "XXII Obert Internacional d'Escacs Sant Marti 2022"]
[Site "Barcelona, Spain"]
[Date "2022.07.19"]
[Round "7.1"]
[White "Aronyak, Ghosh"]
[Black "Berdayes Ason, Dylan Isidro"]
[Result "1/2-1/2"]
[TimeControl "1.30 fb 30"]
[WhiteElo "2486"]
[BlackElo "2480"]

1. c4 e5 2. Nc3 Nf6 3. Nf3 Nc6 4. g3 d5 5. cxd5 Nxd5 6. Bg2 Bc5 7. O-O O-O 8. d3 h6 9. Bd2 Nf6 10.
Rc1 Qe7 1/2-1/2

[Event "XXII Obert Internacional d'Escacs Sant Marti 2022"]
[Site "Barcelona, Spain"]
[Date "2022.07.19"]
[Round "7.3"]
[White "Barbero Sendic, Alejandro"]
[Black "Asis Gargatagli, Hipolito"]
[Result "1/2-1/2"]
[TimeControl "1.30 fb 30"]
[WhiteElo "2326"]
[BlackElo "2514"]

1. e4 e5 2. Nf3 Nc6 3. Nc3 Nf6 4. d4 exd4 5. Nxd4 Bb4 6. Nxc6 bxc6 7. Bd3 O-O 8. O-O d5 9. exd5 cxd5 10.
Bg5 c6 11. Qf3 h6 12. Bxf6 Qxf6 1/2-1/2

[Event "XXII Obert Internacional d'Escacs Sant Marti 2022"]
[Site "Barcelona, Spain"]
[Date "2022.07.19"]
[Round "7.4"]
[White "Roshka, Yevgeniy"]
[Black "Macak, Stefan"]
[Result "1/2-1/2"]
[TimeControl "1.30 fb 30"]
[WhiteElo "2497"]
[BlackElo "2363"]

1. e4 e6 2. d3 d5 3. Nd2 Nf6 4. Ngf3 Nc6 5. g3 dxe4 6. dxe4 e5 7. Bb5 Bd6 8. Bxc6+ bxc6 9. Qe2 a5 10.
Nc4 Ba6 11. b3 O-O 12. Bb2 Nd7 13. O-O Qe7 14. Nfd2 Nb6 15. f4 exf4 16. gxf4 f6 17. e5 Bb4 18. Rfd1 Bxd2 19. Rxd2 Bxc4 20.
bxc4 Qc5+ 21. Bd4 Qxc4 22. exf6 Qxe2 23.
Rxe2 gxf6 24. Re6 Nd5 25. Rf1 Rad8 26.
f5 Rd6 27. c4 Nb4 28. Bc5 Rxe6 29. fxe6 Re8 30. Rxf6 Nd3 31. Bd4 Rf8 32. e7 Re8 33. Rf3 Ne1 34. Rg3+ Kf7 35. Bc5 Nc2 36.
Rh3 Nb4 37. Rxh7+ Ke6 38. Rh5 Nd3 39. Ba3 Ne5 40. Rh6+ Kd7 41. Bb2 Nxc4 42. Bf6 Nb6 43. Bg5 Nc8 44. Kf2 Nd6 45. h4 Ne4+ 46. Kf3 Nxg5+ 47. hxg5 Rxe7 48. Rf6 Re1 49. Kf2 Ra1 50. g6 Rxa2+ 51. Kg3 Ra1 52. Kh2 Ra2+ 53.
Kh3 Ra1 54. Kg2 Ra2+ 55. Kf3 Ra1 56. Kf2 Ra2+ 57. Kg3 Ra1 58. Kg2 Ra2+ 59. Kg3 1/2-1/2

[Event "XXII Obert Internacional d'Escacs Sant Marti 2022"]
[Site "Barcelona, Spain"]
[Date "2022.07.19"]
[Round "7.5"]
[White "Pena Gomez, Manuel"]
[Black "Deodhar, Vrushali Umesh"]
[Result "1-0"]
[TimeControl "1.30 fb 30"]
[WhiteElo "2492"]
[BlackElo "1984"]

1. g3 d5 2. Bg2 e5 3. c4 Nf6 4. cxd5 Nxd5 5. Nf3 Nc6 6. O-O Be7 7. Nc3 Nb6 8. d3 O-O 9. Bd2 f5 10.
b4 Bf6 11. b5 Nd4 12. Ne1 a6 13. bxa6 Rxa6 14. a4 c6 15. a5 Nd5 16. Na4 Qe7 17. e3 Nb5 18. Bxd5+ cxd5 19. Qb3 Nd6 20.
Nc5 Ra7 21. Qxd5+ Kh8 22. Bb4 Rd8 23. Rc1 Qe8 24. Qb3 f4 25. exf4 exf4 26. Ng2 fxg3 27. hxg3 Nf5 28. Rfe1 Qh5 29. Nf4 Qh6 30. Nce6 Rg8 31. Ng5 1-0

[Event "XXII Obert Internacional d'Escacs Sant Marti 2022"]
[Site "Barcelona, Spain"]
[Date "2022.07.19"]
[Round "7.6"]
[White "Perpinya Rofes, Lluis Maria"]
[Black "Valenzuela Gomez, Fernando"]
[Result "0-1"]
[TimeControl "1.30 fb 30"]
[WhiteElo "2297"]
[BlackElo "2373"]

1. e4 c5 2. Nf3 d6 3. d4 cxd4 4. Nxd4 Nf6 5. Nc3 Nc6 6. Bg5 e6 7. Qd3 Bd7 8. O-O-O a6 9. Be2 h6 10.
Nxc6 Bxc6 11. Bf4 Rc8 12. Qe3 Qc7 13. e5 Nd5 14. Nxd5 Bxd5 15. c4 dxe5 16. Bxe5 Qc6 17. Rxd5 Qxd5 18.
Kb1 Qc5 19. Bd4 Qc6 20. Bf3 Qxc4 21. Bxb7 Rd8 22. Bc3 Bc5 23. Bxa6 Qa4 24. Be2 Bxe3 0-1

[Event "XXII Obert Internacional d'Escacs Sant Marti 2022"]
[Site "Barcelona, Spain"]
[Date "2022.07.19"]
[Round "7.7"]
[White "Player, Edmund C"]
[Black "Narciso Dublan, Marc"]
[Result "0-1"]
[TimeControl "1.30 fb 30"]
[WhiteElo "2202"]
[BlackElo "2461"]

1. e4 d5 2. exd5 Qxd5 3. Nc3 Qa5 4. d4 Nf6 5. Bd2 Bg4 6. f3 Bd7 7. Bc4 Qb6 8. Nge2 e6 9. O-O Be7 10.
Be3 O-O 11. Qd2 Nc6 12. a3 Na5 13. Bd3 c5 14. Kh1 cxd4 15. Nxd4 Qd8 16. Rad1 Rc8 17. Qe2 a6 18. Na2 Qc7 19.
Bg5 Rfe8 20. Bh4 Nc4 21. Bg3 Bd6 22. Bxd6 Nxd6 23. Qe5 Nc4 24. Qxc7 Rxc7 25. Bxc4 Rxc4 26. Nc3 Rec8 27. Rd2 Be8 28.
Nde2 b5 29. Rfd1 a5 30. Kg1 Kf8 31. Kf2 Ke7 32. Nd4 b4 33. axb4 Rxb4 34. Nb3 a4 35. Rd4 Rxd4 36. Nxd4 a3 37. Nde2 axb2 38. Rb1 Rb8 39.
Nd1 Ba4 40. Rxb2 Rxb2 41. Nxb2 Bxc2 42. Nd4 Bb1 43. Nc4 Nd5 44. Nc6+ Kf8 45. Nd2 Bd3 46. Ne5 Bb5 47. Nb3 f6 48.
Nd4 Be8 49. Nc4 Ke7 50. Nd2 g5 51. Ne4 Bg6 52. Nc5 e5 53. Ne2 f5 54. Ng3 Nc3 55. Nb3 Kd6 56. Nf1 f4 57. Nc1 Kd5 58.
Ke1 h5 59. Ne2 Na4 60. Nd2 Bd3 61. Kf2 Nc5 62. Nc1 Ba6 63. Ne2 Ke6 64. Nc3 Bb7 65. Ke2 Kf5 66. Kf2 g4 67. Kg1 Bc6 68.
Kf2 h4 69. h3 g3+ 0-1

[Event "XXII Obert Internacional d'Escacs Sant Marti 2022"]
[Site "Barcelona, Spain"]
[Date "2022.07.19"]
[Round "7.8"]
[White "D`costa, Lorin"]
[Black "Arpan, Das (Jr)"]
[Result "1-0"]
[TimeControl "1.30 fb 30"]
[WhiteElo "2372"]
[BlackElo "2178"]

1. d4 Nf6 2. Nf3 g6 3. c4 Bg7 4. Nc3 O-O 5. Bg5 h6 6. Bh4 d6 7. e3 Nbd7 8. Be2 b6 9. Qc2 Bb7 10.
Rd1 Qe8 11. d5 a6 12. O-O e5 13. Nd2 Bc8 14. e4 Nh7 15. f3 f5 16. b4 f4 17. Bf2 g5 18. c5 g4 19. cxd6 g3 20.
hxg3 fxg3 21. Bxg3 Qg6 22. Bh2 cxd6 23. Nc4 Ng5 24. Kh1 Rf4 25. Ne3 Rf7 26. Nf5 Bf8 27. Rc1 Rb8 28. Nd1 Nf6 29.
Nde3 Nh5 30. g3 Nh3 31. f4 Bxf5 32. Nxf5 Rxf5 33. exf5 Nxg3+ 34. Kg2 Nxf5+ 35. Kxh3 Qf6 36. Qc3 Qh4+ 37.
Kg2 Rb7 38. Kh1 Rf7 39. Rg1+ Kh8 40.
Bg4 Nd4 41. fxe5 dxe5 42. Qg3 Qd8 43.
Be6 Rg7 44. Qxe5 Nf3 45. Qxg7+ Bxg7 46. Rc8 Qxc8 47. Bxc8 Nxg1 48. Bxg1 Bf8 49. Bxb6 Bxb4 50. Bc7 Kg7 51. d6 Kf6 52.
Bd8+ Ke5 53. d7 Kd5 54. Bc7 Be7 55. d8=Q+ Bxd8 56. Bxd8 Kc5 57. Bxa6 Kb4 58. Be7+ 1-0

[Event "XXII Obert Internacional d'Escacs Sant Marti 2022"]
[Site "Barcelona, Spain"]
[Date "2022.07.19"]
[Round "7.9"]
[White "Noboa Silva, Kevin"]
[Black "Phadke, Sohan"]
[Result "1/2-1/2"]
[TimeControl "1.30 fb 30"]
[WhiteElo "2304"]
[BlackElo "2177"]

1. d4 d5 2. c4 e6 3. Nc3 c5 4. cxd5 exd5 5. Nf3 Nc6 6. g3 Nf6 7. Bg2 cxd4 8. Nxd4 Bc5 9. Nxc6 bxc6 10.
O-O O-O 11. Qc2 Bb6 12. Na4 Ba6 13. Nxb6 axb6 14. Re1 Qe8 15. Qb3 Bb5 16. Bf4 Ne4 17. Qd1 Qe6 18. a4 Ba6 19. Qc2 Rfc8 20.
a5 bxa5 21. Rxa5 Bb5 22. Rxa8 Rxa8 23. Rc1 h6 24. Bf1 Qf6 25. f3 Ng5 26. Qc3 d4 27. Qb4 d3 28. exd3 Nxf3+ 29. Kg2 Nh4+ 30.
Kh1 Ng6 31. Qc3 Qf5 32. Qc5 Qf6 33. Qc3 Qf5 34. Qc5 Qxc5 35. Rxc5 Nxf4 36. gxf4 Ra2 37. b3 Rb2 38. Rc3 Rf2 39. Bg2 Rxf4 40. Bxc6 Bxc6+ 41. Rxc6 Rf2 42. Rc8+ Kh7 43.
b4 Rb2 44. Rb8 g5 45. b5 f5 46. b6 f4 47. d4 f3 48. Kg1 g4 49. d5 Rg2+ 50. Kf1 Rxh2 51. Rf8 Rb2 52. d6 g3 53.
Rxf3 Rxb6 54. Rd3 Rb8 55. Kg2 Kg6 56. Kxg3 Kf6 57. Kg4 Ke6 58. Kh5 Rd8 59. Kxh6 Rxd6 60. Rxd6+ Kxd6 1/2-1/2

[Event "XXII Obert Internacional d'Escacs Sant Marti 2022"]
[Site "Barcelona, Spain"]
[Date "2022.07.19"]
[Round "7.10"]
[White "Lindh, Fredrik"]
[Black "Pimpalkhare, Vedant"]
[Result "1-0"]
[TimeControl "1.30 fb 30"]
[WhiteElo "2287"]
[BlackElo "2057"]

1. e4 e6 2. d4 d5 3. Nc3 Nf6 4. e5 Nfd7 5. f4 c5 6. Nf3 Nc6 7. Be3 Be7 8. Qd2 O-O 9. dxc5 Qa5 10.
O-O-O b6 11. Bb5 Nb4 12. a3 bxc5 13. Bxd7 Bxd7 14. axb4 cxb4 15. Nb1 Qa2 16. f5 Rfc8 17. f6 gxf6 18. Qf2 Ba4 19. Rd2 Bxc2 20. Rxc2 b3 21.
Rc3 Bb4 22. exf6 Kf8 23. Bc5+ Bxc5 24. Rxc5 Qa5 25. Rc3 Rxc3+ 26. bxc3 Rb8 27. Qg3 b2+ 28. Kd2 1-0